AoeStats
← Notorious Guib

Arabia

510128610Analyzed
4v4 RM · 2d ago on Sep 29, 2026· 33m 56s· 8 players
Game mode
Random Map
Map size
Large (8 player)
Population
200
Speed
Normal
Resources
Standard
Victory
Conquest
Starting age
Dark Age
Ending age
Imperial Age
RankedLock teamsTeams togetherTeam positionsShared explorationLock speedFull tech treeHidden civsTurbo modeCheats
Victory
Defeat
🇨🇳 Romans · China
1083
+13
🇫🇷 Magyars · France
1049
+14
🇩🇪 Wu · Germany
982
+17
🇫🇷 Ethiopians · France
975
+17
🇨🇳 Khmer · China
1077
-19
🇦🇷 Magyars · Argentina
1032
-16
🇨🇳 Huns · China
1006
-15
🇨🇳 Khmer · China
898
-11
喧哗的都已沙哑
5:14 Loom
13:55 Feudal Age
15:02 Double-Bit Axe
15:16 Gold Mining
15:09 Horse Collar
18:39 Castle Age
17:22 Bloodlines
19:30 Husbandry
19:37 Scale Barding Armor
19:43 Forging
19:47 Bow Saw
20:16 Gold Shaft Mining
20:23 Marauders
21:40 Chain Barding Armor
22:10 Iron Casting
23:16 Wheelbarrow
30:05 Imperial Age
30:09 Elite Tarkan
31:10 Conscription
32:19 Plate Barding Armor
33:09 Blast Furnace
you go die
0:52 Loom
11:24 Feudal Age
19:24 Castle Age
17:46 Double-Bit Axe
18:02 Horse Collar
18:49 Gold Mining
Eleven
4:40 Loom
14:11 Feudal Age
nico
3:48 Loom
15:58 Feudal Age
Noonanx
11:18 Feudal Age
16:53 Fletching
19:26 Castle Age
20:53 Crossbowman
21:42 Thumb Ring
22:23 Double-Bit Axe
25:35 Ballistics
25:39 Bodkin Arrow
30:08 Padded Archer Armor
30:19 Forging
35:21 Imperial Age
32:39 Loom
33:56 Leather Archer Armor
33:43 Scale Mail Armor
Notorious Guib
5:09 Loom
9:39 Feudal Age
10:23 Double-Bit Axe
17:13 Horse Collar
20:52 Castle Age
18:59 Scale Barding Armor
18:49 Gold Mining
20:16 Wheelbarrow
22:04 Chain Barding Armor
25:20 Bow Saw
25:49 Bloodlines
25:39 Husbandry
31:14 Pikeman
32:38 Hand Cart
king vitt
0:28 Loom
17:09 Feudal Age
18:55 Wheelbarrow
18:04 Horse Collar
18:12 Double-Bit Axe
23:00 Castle Age
24:59 Hand Cart
24:48 Heavy Plow
25:02 Bow Saw
26:38 Pikeman
27:19 Squires
29:47 Scale Mail Armor
29:58 Forging
30:24 Gold Mining
30:53 Chain Mail Armor
32:42 Iron Casting
Gello426205
10:00 Loom
12:04 Feudal Age
12:46 Double-Bit Axe
12:41 Horse Collar
20:52 Castle Age
19:51 Bloodlines
20:25 Scale Barding Armor
20:59 Forging
20:51 Gold Mining
Connection lost

Rejoining the realm…

Still unreachable

The connection could not be restored.

Session expired

The server has moved on; the page needs a fresh start.